 Dungeon Crawl Stone Soup version 0.21.1-1-g345015f (webtiles) character file.

140 iamserjio the Charmwright (level 5, 0/43 HPs)
             Began as a Gnoll Skald on June 24, 2018.
             Slain by a phantom (4 damage)
             ... on level 5 of the Dungeon.
             The game lasted 00:05:45 (504 turns).

iamserjio the Charmwright (Gnoll Skald)              Turns: 504, Time: 00:05:45

Health: 0/43       AC:  4    Str: 14    XL:     5   Next: 22%
Magic:  2/12       EV: 14    Int: 16    God:
Gold:   92         SH:  0    Dex: 14    Spells: 3/14 levels left

rFire    . . .     SeeInvis .   a - +0 hand axe
rCold    . . .     Gourm    .   (no shield)
rNeg     . . .     Faith    .   b - +0 leather armour
rPois    +         Spirit   .   t - +0 helmet
rElec    .         Reflect  .   (no cloak)
rCorr    .         Harm     .   (no gloves)
MR       .....                  (no boots)
Stlth    ++........             (no amulet)
HPRegen  0.14/turn              s - ring of poison resistance
MPRegen  0.13/turn              (no ring)

@: singing
A: distributed training, fangs 1, strong nose
a: no special abilities


You were on level 5 of the Dungeon.
You were not hungry.

You visited 1 branch of the dungeon, and saw 5 of its levels.

You collected 92 gold pieces.

Inventory:

Hand Weapons
 a - a +0 hand axe (weapon)
Armour
 b - a +0 leather armour (worn)
 k - a +0 ring mail
 t - a +0 helmet (worn)
Jewellery
 s - a ring of poison resistance (left hand)
Scrolls
 h - a scroll of amnesia
 i - a scroll of blinking {unknown}
 j - 2 scrolls of noise
 m - a scroll of teleportation
 o - a scroll of remove curse {@r2}
 r - a scroll of enchant armour
Potions
 e - a potion of might {unknown}
 f - a potion of lignification {unknown}
 g - a potion of flight {unknown}
 l - a potion of ambrosia {unknown}
 p - a potion of heal wounds {unknown}
 q - a potion of agility {unknown}
Books
 c - a book of Battle

   Spells                             Type                      Level
   a - Infusion                       Charms                       1
   b - Shroud of Golubria             Charms/Translocation         2
   c - Song of Slaying                Charms                       2
   d - Spectral Weapon                Hexes/Charms                 3
   e - Regeneration                   Charms/Necromancy            3
Comestibles
 d - 2 rations


   Skills:
 + Level 4.7 Fighting
 + Level 1.4 Short Blades
 + Level 1.4 Long Blades
 + Level 4.7 Axes
 + Level 1.4 Maces & Flails
 + Level 1.4 Polearms
 + Level 1.4 Staves
 + Level 1.4 Slings
 + Level 1.4 Bows
 + Level 1.4 Crossbows
 + Level 1.4 Throwing
 + Level 2.9 Armour
 + Level 4.7 Dodging
 + Level 1.4 Stealth
 + Level 1.4 Shields
 + Level 1.4 Unarmed Combat
 + Level 5.1 Spellcasting
 + Level 1.1 Conjurations
 + Level 1.1 Hexes
 + Level 5.5 Charms
 + Level 1.1 Summonings
 + Level 1.1 Necromancy
 + Level 1.1 Translocations
 + Level 1.1 Transmutations
 + Level 1.1 Fire Magic
 + Level 1.1 Ice Magic
 + Level 1.1 Air Magic
 + Level 1.1 Earth Magic
 + Level 1.1 Poison Magic
 + Level 1.5 Invocations
 + Level 1.4 Evocations


You had 3 spell levels left.
You knew the following spells:

 Your Spells              Type           Power        Failure   Level  Hunger
a - Infusion              Chrm           ###.         1%          1    None
b - Song of Slaying       Chrm           ###.....     2%          2    #......
c - Shroud of Golubria    Chrm/Tloc      ##........   7%          2    #......
d - Spectral Weapon       Hex/Chrm       ##......     14%         3    ###....
e - Regeneration          Chrm/Necr      ##........   14%         3    ###....


Dungeon Overview and Level Annotations

Branches:
Dungeon (5/15)
 Temple: D:4-7

Altars:
Sif Muna

Annotations:
D:5 Blork the orc


Innate Abilities, Weirdness & Mutations

Your experience applies equally to all skills.
You have very sharp teeth.
Your uncanny sense of smell can sniff out nearby items.


Message History

The ogre is moderately wounded.
You hit the centaur.
The centaur unwields an uncursed shortbow.
The centaur hits you! The ogre hits you with a giant club!
* * * LOW HITPOINT WARNING * * *
Blork the orc gestures wildly while chanting.
Blork the orc seems to speed up.
You hit the ogre.
The ogre is moderately wounded.
You closely miss the phantom. You hit the centaur.
The centaur completely misses you. The centaur barely misses you.
The phantom misses you. The ogre barely misses you.
You hit the ogre. You bite the ogre.
The ogre is heavily wounded.
You hit the centaur but do no damage. You hit the phantom but do no damage.
Blork the orc looks braver for a moment.
The centaur hits you.
* * * LOW HITPOINT WARNING * * *
The phantom hits you.
You die...

......##......
.............
).......$...
...........###
........#....
.........#o###..
........Oc......
.......W@)...#
....###.........
. #.........
#.##.###.. ...
.# . .#.# .#
∆...# # . ..#


You could see a phantom, Blork the orc, an ogre and a centaur.

Vanquished Creatures
  A bullfrog skeleton (D:4)
  Natasha (D:2)
  A worker ant (D:5)
  Robin (D:3)
  A howler monkey skeleton (D:4)
  An adder (D:3)
  An ooze (D:2)
  A worm (D:3)
  An orc (D:5)
  A ball python (D:4)
  3 hobgoblins (D:3)
  4 bats
  8 goblins
  A jackal skeleton (D:4)
  2 kobolds
  3 rats
31 creatures vanquished.

Vanquished Creatures (others)
  A spectral weapon (D:5)
1 creature vanquished.

Grand Total: 32 creatures vanquished

Notes
Turn   | Place    | Note
-------+----------+-------------------------------------------
     0 | D:1      | iamserjio the Gnoll Skald began the quest for the Orb.
     0 | D:1      | Reached XP level 1. HP: 20/20 MP: 6/6
   151 | D:2      | Reached XP level 2. HP: 20/26 MP: 7/7
   175 | D:2      | Learned a level 2 spell: Song of Slaying
   178 | D:2      | Learned a level 2 spell: Shroud of Golubria
   249 | D:2      | Noticed Natasha
   259 | D:2      | Killed Natasha
   259 | D:2      | Reached skill level 5 in Spellcasting
   259 | D:2      | Reached XP level 3. HP: 27/31 MP: 2/9
   268 | D:2      | Learned a level 3 spell: Spectral Weapon
   272 | D:2      | Learned a level 3 spell: Regeneration
   307 | D:3      | Noticed Robin
   311 | D:3      | Reached skill level 1 in Invocations
   317 | D:3      | Killed Robin
   317 | D:3      | Reached skill level 1 in Short Blades
   317 | D:3      | Reached skill level 1 in Long Blades
   317 | D:3      | Reached skill level 1 in Maces & Flails
   317 | D:3      | Reached skill level 1 in Polearms
   317 | D:3      | Reached skill level 1 in Staves
   317 | D:3      | Reached skill level 1 in Slings
   317 | D:3      | Reached skill level 1 in Bows
   317 | D:3      | Reached skill level 1 in Crossbows
   317 | D:3      | Reached skill level 1 in Throwing
   317 | D:3      | Reached skill level 1 in Stealth
   317 | D:3      | Reached skill level 1 in Shields
   317 | D:3      | Reached skill level 1 in Unarmed Combat
   317 | D:3      | Reached skill level 1 in Evocations
   317 | D:3      | Reached XP level 4. HP: 29/38 MP: 1/11
   425 | D:4      | Reached skill level 1 in Conjurations
   425 | D:4      | Reached skill level 1 in Hexes
   425 | D:4      | Reached skill level 1 in Summonings
   425 | D:4      | Reached skill level 1 in Necromancy
   425 | D:4      | Reached skill level 1 in Translocations
   425 | D:4      | Reached skill level 1 in Transmutations
   425 | D:4      | Reached skill level 1 in Fire Magic
   425 | D:4      | Reached skill level 1 in Ice Magic
   425 | D:4      | Reached skill level 1 in Air Magic
   425 | D:4      | Reached skill level 1 in Earth Magic
   425 | D:4      | Reached skill level 1 in Poison Magic
   428 | D:4      | Found a deep blue altar of Sif Muna.
   440 | D:4      | Reached XP level 5. HP: 15/43 MP: 5/12
   492 | D:5      | Entered Level 5 of the Dungeon
   492 | D:5      | Noticed an ogre
   492 | D:5      | Noticed a phantom
   497 | D:5      | Noticed a centaur
   502 | D:5      | Noticed Blork the orc
   504 | D:5      | Slain by a phantom

Skill      XL: |  1  2  3  4 |
---------------+-------------+-----
Spellcasting   | 5 |  5.1
Invocations    | 1 |  1.5
Short Blades   | 1 |  1.4
Long Blades    | 1 |  1.4
Maces & Flails | 1 |  1.4
Polearms       | 1 |  1.4
Staves         | 1 |  1.4
Slings         | 1 |  1.4
Bows           | 1 |  1.4
Crossbows      | 1 |  1.4
Throwing       | 1 |  1.4
Stealth        | 1 |  1.4
Shields        | 1 |  1.4
Unarmed Combat | 1 |  1.4
Evocations     | 1 |  1.4
Conjurations   | 1 |  1.1
Hexes          | 1 |  1.1
Summonings     | 1 |  1.1
Necromancy     | 1 |  1.1
Translocations | 1 |  1.1
Transmutations | 1 |  1.1
Fire Magic     | 1 |  1.1
Ice Magic      | 1 |  1.1
Air Magic      | 1 |  1.1
Earth Magic    | 1 |  1.1
Poison Magic   | 1 |  1.1
Fighting       | |  4.7
Axes           | |  4.7
Armour         | |  2.9
Dodging        | |  4.7
Charms         | |  5.5

Action                   |  1- 3 |  4- 6 || total
-------------------------+-------+-------++-------
Melee: Hand axe          |    45 |    49 ||    94
       Bite              |     3 |     5 ||     8
       Punch             |       |     1 ||     1
 Cast: Shroud of Golubri |     1 |     1 ||     2
       Infusion          |     1 |       ||     1
       Song of Slaying   |     1 |     1 ||     2
       Spectral Weapon   |     1 |     1 ||     2
       Regeneration      |       |     5 ||     5
  Use: Scroll            |       |     7 ||     7
 Stab: Distracted        |     1 |       ||     1
       Sleeping          |       |     2 ||     2
Armor: Leather armour    |    15 |     9 ||    24
Dodge: Dodged            |    46 |    34 ||    80
